AoeStats
← O grande

Marketplace

505636121Analyzed
1v1 RM · 21d ago on Sep 10, 2026· 57m 46s· 2 players
Game mode
Random Map
Map size
Tiny (2 player)
Population
200
Speed
Normal
Resources
Standard
Victory
Conquest
Starting age
Dark Age
Ending age
Imperial Age
RankedLock teamsTeams togetherTeam positionsShared explorationLock speedFull tech treeHidden civsTurbo modeCheats
Victory
Defeat
🇧🇷 Armenians · Brazil
2062
+21
🇸🇪 Armenians · Sweden
2165
-21
O grande
6:26 Loom
9:09 Feudal Age
9:45 Double-Bit Axe
14:45 Fletching
21:13 Castle Age
20:22 Horse Collar
20:34 Gold Mining
21:00 Padded Archer Armor
21:53 Bodkin Arrow
21:35 Crossbowman
29:49 Bow Saw
29:40 Heavy Plow
30:20 Wheelbarrow
30:36 Sanctity
31:30 Hand Cart
35:34 Imperial Age
33:40 Stone Mining
33:30 Man-at-Arms
33:55 Gambesons
34:11 Squires
33:56 Arson
34:49 Scale Mail Armor
34:51 Long Swordsman
35:41 Scale Mail Armor
35:59 Forging
35:37 Two-Handed Swordsman
37:05 Chain Mail Armor
37:41 Iron Casting
37:41 Champion
40:18 Blast Furnace
41:21 Plate Mail Armor
43:41 Fereters
46:05 Chemistry
45:59 Conscription
47:17 Ballistics
47:37 Bracer
48:52 Leather Archer Armor
50:16 Ring Archer Armor
51:05 Masonry
50:51 Murder Holes
52:14 Cilician Fleet
51:34 Elite Composite Bowman
52:14 Capped Ram
55:54 Scale Barding Armor
56:45 Hoardings
55:46 Pikeman
57:08 Gold Shaft Mining
56:36 Guard Tower
56:57 Fortified Wall
avlid
4:07 Loom
10:16 Feudal Age
10:20 Man-at-Arms
10:51 Double-Bit Axe
11:46 Town Watch
12:27 Long Swordsman
13:22 Arson
17:27 Wheelbarrow
20:44 Castle Age
18:52 Gold Mining
20:55 Scale Mail Armor
20:51 Two-Handed Swordsman
22:17 Squires
22:53 Gambesons
26:16 Chain Mail Armor
27:08 Fletching
29:34 Horse Collar
32:27 Bow Saw
37:42 Imperial Age
35:41 Forging
37:04 Hand Cart
38:04 Iron Casting
37:51 Champion
39:36 Plate Mail Armor
38:35 Champion
40:51 Fereters
41:20 Conscription
45:42 Bodkin Arrow
47:11 Chemistry
46:12 Padded Archer Armor
47:34 Bracer
46:57 Elite Skirmisher
48:52 Leather Archer Armor
49:36 Ballistics
50:30 Block Printing
Connection lost

Rejoining the realm…

Still unreachable

The connection could not be restored.

Session expired

The server has moved on; the page needs a fresh start.